 Dungeon Crawl Stone Soup version 0.30-a0-711-gf4ac18a38d (webtiles) character file.

Game seed: 18135003474241727425

51277 NinjaNoafa the Thaumaturge (level 15, -4/120 HPs)
             Began as a Djinni Conjurer on Jan 22, 2023.
             Was an Elder of Ashenzari.
             Killed by an exploding ball lightning (46 damage)
             ... on level 5 of the Lair of Beasts.
             The game lasted 01:09:16 (23279 turns).

NinjaNoafa the Thaumaturge (Djinni Conjurer)       Turns: 23279, Time: 01:09:16

Health: -4/120     AC:  5    Str:  6    XL:     15   Next: 1%
Gold:   626        EV: 22    Int: 36    God:    Ashenzari [****..] SH:  0 Dex: 20

rFire   + + +      SeeInvis +    w - +5 short sword "Shackled the Doldrums" {drain, rF++ rN+ rCorr, Melee, Cun} (curse)
rCold   x . .      Faith    .    (no shield)
rNeg    + . .      Spirit   .    a - +0 robe of Apeoromancy {Archmagi, Self, Range} (curse)
rPois   ∞          Reflect  .    B - +0 helmet of the Gnostic Cosmos {Self, Fort} (curse)
rElec   .          Harm     .    q - +0 cloak "Manifest Malaise" {Cun, Self} (curse)
rCorr   +          Rampage  .    x - +0 pair of gloves
Will    +....      Archmagi +    (boots unavailable)
Stlth   +++++      Clarity  +    (no amulet)
HPRegen 0.40/turn                v - ring of Ashenzari's Pragmatism {Int+6, Self, Range} (curse)
MPRegen 0.00/turn                L - ring of the All-seeing God {Int+5 Dex+6, Evo, Self} (curse)

@: flying
A: sickness immunity, fire resistance 2, cold vulnerability 1, float, innate
caster, HP casting, extra vitality 1
a: Renounce Religion, Curse Item, Shatter the Chains


You were on level 5 of the Lair of Beasts.
You worshipped Ashenzari.
Ashenzari was greatly pleased with you.
You visited 3 branches of the dungeon, and saw 17 of its levels.
You also visited: Sewer and Volcano.

You collected 1186 gold pieces.
You spent 560 gold pieces at shops.

Inventory:

Hand Weapons
 w - the cursed +5 short sword "Shackled the Doldrums" (weapon) {drain, rF++ rN+ rCorr, Melee, Cun}
   (You found it on level 4 of the Dungeon)

   rF:        It greatly protects you from fire.
   rN:        It protects you from negative energy.
   rCorr:     It protects you from acid and corrosion.
   It has a curse which improves the following skills: Melee Combat: Short
   Blades, Long Blades, Axes, Maces & Flails, Polearms, Staves and Unarmed
   Combat.
   Cunning:   Dodging and Stealth.
Missiles
 c - 3 boomerangs of dispersal
 d - 57 poisoned darts
 D - a curare-tipped dart
 E - 6 throwing nets
 I - 2 boomerangs
Armour
 a - the cursed +0 robe of Apeoromancy (worn) {Archmagi, Self, Range}
   (You took it off a wight on level 10 of the Dungeon)

   It has a curse which improves the following skills: Introspection: Fighting
   and Spellcasting.
   Ranged Combat: Ranged Weapons and Throwing.
 q - the cursed +0 cloak "Manifest Malaise" (worn) {Cun, Self}
   (You found it on level 5 of the Dungeon)

   It has a curse which improves the following skills: Cunning: Dodging and
   Stealth.
   Introspection: Fighting and Spellcasting.
 x - a +0 pair of gloves (worn)
 B - the cursed +0 helmet of the Gnostic Cosmos (worn) {Self, Fort}
   (You found it on level 4 of the Dungeon)

   It has a curse which improves the following skills: Introspection: Fighting
   and Spellcasting.
   Fortitude: Armour and Shields.
 F - a +2 cloak
Jewellery
 v - the cursed ring of Ashenzari's Pragmatism (left hand) {Int+6, Self, Range}
   (You found it on level 8 of the Dungeon)

   [ring of intelligence]

   Int:       It affects your intelligence (+6).
   It has a curse which improves the following skills: Introspection: Fighting
   and Spellcasting.
   Ranged Combat: Ranged Weapons and Throwing.
 L - the cursed ring of the All-seeing God (right hand) {Int+5 Dex+6, Evo, Self}
   (You found it on level 10 of the Dungeon)

   [ring of dexterity]

   Int:       It affects your intelligence (+5).
   Dex:       It affects your dexterity (+6).
   It has a curse which improves the following skills: Evocations: Evocations.
   Introspection: Fighting and Spellcasting.
Wands
 G - a wand of polymorph (13)
 M - a wand of paralysis (4)
 N - a wand of mindburst (6)
 O - a wand of iceblast (16)
Scrolls
 b - 4 scrolls of fog
 f - 3 scrolls of magic mapping
 h - a scroll of torment
 i - a scroll of poison
 j - 4 scrolls of blinking
 o - 9 scrolls of teleportation
 r - 5 scrolls of fear
 y - 4 scrolls of vulnerability
 C - a scroll of silence
 K - a scroll of immolation
 P - a scroll of butterflies
Potions
 e - 10 potions of curing
 g - 4 potions of brilliance
 k - 5 potions of cancellation
 l - a potion of resistance
 m - 3 potions of haste
 n - 3 potions of mutation
 p - 3 potions of attraction
 s - 3 potions of heal wounds
 t - 4 potions of might
 u - 4 potions of invisibility
 z - 3 potions of flight
 A - a potion of lignification
 H - a potion of berserk rage
Miscellaneous
 J - a condenser vane


   Skills:
 - Level 9.9(15.4) Fighting
 - Level 5.4(7.3) Short Blades
 + Level 2.3(3.9) Armour
 - Level 11.0(14.0) Dodging
 - Level 6.5(9.5) Stealth
 - Level 14.0(19.5) Spellcasting
 - Level 7.0(9.0) Evocations


You had 15 spell levels left.
You knew the following spells:

 Your Spells              Type           Power      Damage    Failure   Level
a - Magic Dart            Conj           100%       1d8       0%          1
b - Searing Ray           Conj           100%       2d8       0%          2
c - Dazzling Flash        Conj/Hex       100%       N/A       0%          3
d - Fulminant Prism       Conj/Hex       66%        3d27      0%          4
e - Iskenderun's Mystic   Conj/Tloc      100%       2d19      0%          4
f - Foxfire               Conj/Fire      100%       2x1d9     0%          1
g - Poisonous Vapours     Pois/Air       100%       N/A       0%          2
h - Tukima's Dance        Hex            100%       N/A       0%          3
i - Swiftness             Air            100%       N/A       0%          3
j - Dispel Undead         Necr           100%       3d31      0%          4
k - Agony                 Necr           100%       N/A       0%          5
l - Conjure Ball Lightni  Conj/Air       66%        3x3d25    1%          6
Your spell library was empty.

Dungeon Overview and Level Annotations

Branches:
Dungeon (11/15)            Temple (1/1) D:5            Lair (5/5) D:8
 Shoals (0/4) Lair:2        Snake (0/4) Lair:3        Slime (0/5) Lair:4
    Orc (0/2) D:10          Sewer (visited)         Volcano (visited)

Altars:
Ashenzari
Cheibriados
Dithmenos
Elyvilon
Fedhas
Gozag
Hepliaklqana
Makhleb
Nemelex Xobeh
Okawaru
Qazlal
Ru
Trog
Uskayaw
Wu Jian
Xom
Yredelemnul
Zin
The Shining One
Jiyva

Shops:
D:4 *   D:5 :


Innate Abilities, Weirdness & Mutations

You are immune to sickness and miasma.
You are immune to poison.
Your flesh is very heat resistant. (rF++)
You are vulnerable to cold. (rC-)
You float through the air rather than walking.
You learn spells naturally, not from books.
Your magical power is your life essence.
You have superior vitality. (+4 MHP)


Message History

You destroy the small abomination!
The mystic blast hits the small abomination!
The small abomination is moderately damaged.
The small abomination is knocked back by the mystic blast.
Unknown command.
Unknown command.
Casting: Iskenderun's Mystic Blast (safe; 0% risk of failure)
Confirm with . or Enter, or press ? or * to list all spells.
You feel a surge of power!
You create some ball lightning! 3 ball lightnings come into view.
Your ball lightning explodes!
The blast of lightning engulfs the small abomination!!
You destroy the small abomination!
The blast of lightning engulfs you!
You hear a roar!
You hear a horrible gurgling sound!
You hear a loud, deep croak!
You swap places.
You swap places.
Your ball lightning explodes!
The blast of lightning engulfs your ball lightning.
Your ball lightning completely resists.
Your ball lightning explodes!
You hear a roar!
A floating eye comes into view.
A floating eye is nearby!
A floating eye is nearby!
Casting: Conjure Ball Lightning (safe; 1% risk of failure)
Confirm with . or Enter, or press ? or * to list all spells.
You feel a surge of power!
You create some ball lightning! 3 ball lightnings come into view.
The floating eye's view fixates on you.
The floating eye pulsates ominously.
Your ball lightning explodes!
The blast of lightning engulfs your ball lightning.
Your ball lightning completely resists.
The blast of lightning engulfs the floating eye!!
You kill the floating eye!
The floating eye's shape twists and changes as it dies.
The blast of lightning engulfs you!!!
You die...

♣...♣,, * , ,* ♣
♣..♣ ,* * # ♣..♣ *
* * ♣# ♣♣†.♣ * * #.
♣...♣ ♣♣♣♣♣♣ #.
♣..♣♣ ♣♣♣#.#..# #.
♣*.♣ ♣♣.......####.
♣§.♣♣♣.............
♣§@....##.##.......
♣*#########...##..#
♣## #######.. ###
#. ## #P ## #


You could see 2 friendly ball lightnings.

Vanquished Creatures
  Snorg (Lair:3)
  The ghost of sigtrap the Blocker, a journeyman GrBe of Trog (D:10)
  2 hydras
  An ogre mage (Volcano)
  3 two-headed ogres
  A boulder beetle (D:11)
  13 death yaks
  2 ugly things (D:11)
  2 oklob plants
  10 elephants
  4 smoke demons (Lair:5)
  A torpor snail (Lair:3)
  5 black mambas
  8 cane toads
  A gargoyle (D:10)
  3 rime drakes
  5 komodo dragons
  2 trolls
  A polar bear (Lair:2)
  An ancient zyme (Lair:5)
  Grinder (D:6)
  20 blink frogs (Lair:5)
  3 slime creatures (D:11)
  A vampire (D:11)
  2 wraiths
  7 wyverns
  33 yaks
  3 basilisks
  Grum (Lair:1)
  2 fire bats (Volcano)
  9 small abominations (Lair:5)
  2 dancing weapons
  A chaos spawn (Lair:5)
  A neqoxec (D:10)
  A naga (Lair:3)
  An acid dragon (D:9)
  16 water moccasins
  Pargi (D:3)
  A floating eye (shapeshifter) (Lair:5)
  6 orc warriors
  2 black bears
  3 ice beasts
  19 wolves
  4 centaurs
  3 kobold brigands
  8 bullfrogs
  2 gnoll sergeants
  3 necrophages
  4 scorpions
  6 wights
  7 killer bees
  6 howler monkeys
  3 lava snakes (Volcano)
  3 quasits (D:10)
  2 jellies
  7 orc priests
  3 hounds
  2 iguanas
  5 orc wizards
  2 human simulacra (D:9)
  6 gnolls
  10 adders
  A shadow imp (D:7)
  2 white imps (D:6)
  4 ufetubi
  3 worms
  4 dart slugs
  30 orcs
  5 ball pythons
  8 endoplasms
  3 giant cockroaches
  9 goblins
  8 hobgoblins
  5 jackals
  9 quokkas
  6 bats
  A frilled lizard (D:2)
  24 kobolds
  6 rats
417 creatures vanquished.

Vanquished Creatures (collateral kills)
  Harold (D:9)
  2 two-headed ogres (Volcano)
  A hell knight (Volcano)
  A merfolk siren (Lair:2)
  A molten gargoyle (Volcano)
  A gargoyle (Volcano)
  2 nagas (Lair:3)
  4 orc warriors
  An ogre (D:4)
  3 centaurs
  3 wights (D:10)
  An orc priest (D:5)
  2 orcs (D:4)
  A hobgoblin (D:4)
  13 foxfires
37 creatures vanquished.

Vanquished Creatures (others)
  5 dancing weapons
  2 ball lightnings (Lair:5)
  595 foxfires
  19 fulminant prisms
  33 fungi
  51 plants
705 creatures vanquished.

Grand Total: 1159 creatures vanquished

Notes
Turn   | Place    | Note
-------+----------+-------------------------------------------
     0 | D:1      | NinjaNoafa the Djinni Conjurer began the quest for the Orb.
     0 | D:1      | NinjaNoafa set off with the following spells memorised:
                  | Magic Dart, Searing Ray, Dazzling Flash, Fulminant Prism,
                  | Iskenderun's Mystic Blast.
     0 | D:1      | Reached XP level 1. HP: 15/15 MP: 0/0
   178 | D:1      | Reached XP level 2. HP: 21/21 MP: 0/0
   768 | D:1      | Found a faded altar of an unknown god.
  1020 | D:2      | Reached XP level 3. HP: 22/25 MP: 0/0
  1020 | D:2      | Learned a level 1 spell: Foxfire
  1200 | D:2      | Reached skill level 4 in Spellcasting
  1375 | D:2      | Found a broken altar of Ashenzari.
  1384 | D:2      | Became a worshipper of Ashenzari the Shackled
  1391 | D:2      | Noticed a necrophage
  1406 | D:2      | Killed a necrophage
  1407 | D:2      | Reached XP level 4. HP: 7/31 MP: 0/0
  1407 | D:2      | Reached XP level 5. HP: 8/35 MP: 0/0
  1407 | D:2      | Learned a level 2 spell: Poisonous Vapours
  1904 | D:3      | Noticed Pargi
  1918 | D:3      | Reached skill level 5 in Spellcasting
  1921 | D:3      | Killed Pargi
  1922 | D:3      | Reached XP level 6. HP: 15/43 MP: 0/0
  2351 | D:3      | Found a shadowy altar of Dithmenos.
  2509 | D:4      | Found Csaibif's Commerce Corner.
  2520 | D:4      | Bought a potion of heal wounds for 50 gold pieces
  2557 | D:4      | Found a glowing drain.
  2568 | Sewer    | Entered a sewer
  2612 | Sewer    | Reached XP level 7. HP: 23/50 MP: 0/0
  2612 | Sewer    | Learned a level 3 spell: Tukima's Dance
  2983 | D:4      | Identified the +5 short sword of Zoiso {drain, rF++ rN+
                  | rCorr}
  3365 | D:4      | Found a glowing silver altar of Zin.
  3558 | D:4      | HP: 2/52 [bullfrog (2)]
  3717 | D:4      | Reached skill level 6 in Spellcasting
  4305 | D:5      | Entered Level 5 of the Dungeon
  4413 | D:5      | Found a staircase to the Ecumenical Temple.
  4436 | D:5      | Reached XP level 8. HP: 55/58 MP: 0/0
  4450 | Temple   | Entered the Ecumenical Temple
  4681 | D:5      | Found Seezxya's Tremendous Tomes.
  4971 | D:5      | Reached skill level 5 in Fighting
  5439 | D:5      | Reached skill level 7 in Spellcasting
  5922 | D:6      | Reached XP level 9. HP: 62/66 MP: 0/0
  5922 | D:6      | Learned a level 3 spell: Swiftness
  6336 | D:6      | Found a burning altar of Makhleb.
  6507 | D:6      | Reached skill level 5 in Dodging
  6634 | D:6      | Noticed Grinder
  6647 | D:6      | Killed Grinder
  6719 | D:6      | Reached * piety under Ashenzari
  7014 | D:6      | Found a blossoming altar of Fedhas.
  7014 | D:6      | Found an opulent altar of Gozag.
  7642 | D:4      | Bought a potion of curing for 30 gold pieces
  7811 | D:7      | Reached XP level 10. HP: 53/76 MP: 0/0
  8116 | D:7      | Found a sparkling altar of Nemelex Xobeh.
  8347 | D:5      | Reached ** piety under Ashenzari
  8882 | D:8      | Found a shimmering altar of Xom.
  8963 | D:8      | Found a sacrificial altar of Ru.
  9206 | D:8      | Found a staircase to the Lair.
  9453 | D:9      | Reached skill level 8 in Spellcasting
  9760 | D:9      | Noticed Harold
  9773 | D:9      | Killed Harold
 10192 | D:9      | Found a glowing golden altar of the Shining One.
 10212 | D:9      | Reached skill level 9 in Spellcasting
 10376 | D:9      | Found a stormy altar of Qazlal.
 10681 | D:9      | Noticed a two-headed ogre
 10713 | D:9      | Killed a two-headed ogre
 10714 | D:9      | Reached XP level 11. HP: 23/85 MP: 0/0
 10714 | D:9      | Learned a level 4 spell: Dispel Undead
 11007 | D:10     | Entered Level 10 of the Dungeon
 11100 | D:10     | Reached *** piety under Ashenzari
 11214 | D:10     | Found a transporter.
 11376 | D:10     | Identified the +12 rapier of the Big Bang {pain, rN++ Str+5
                  | Dex-2}
 11528 | D:10     | Found a transporter.
 11528 | D:10     | Noticed sigtrap's ghost (journeyman GrBe)
 11550 | D:10     | Identified the ring "Usyhij" {Int+5 Dex+6}
 11774 | D:10     | Found a staircase to the Orcish Mines.
 11824 | D:10     | Reached skill level 5 in Stealth
 12371 | D:4      | Bought a condenser vane for 400 gold pieces
 12816 | Lair:1   | Entered Level 1 of the Lair of Beasts
 13025 | Lair:1   | Noticed Grum
 13031 | Lair:1   | Killed Grum
 13511 | Lair:1   | Noticed an oklob plant
 13522 | Lair:1   | Killed an oklob plant
 13523 | Lair:1   | Reached XP level 12. HP: 52/96 MP: 0/0
 13811 | D:4      | Bought a potion of cancellation for 80 gold pieces
 14411 | Lair:2   | Noticed a five-headed hydra
 14417 | Lair:2   | Killed a five-headed hydra
 14418 | Lair:2   | Reached skill level 10 in Spellcasting
 14426 | Lair:2   | Found a dark tunnel.
 14434 | Volcano  | Entered a volcano
 14767 | Volcano  | Found a burning altar of Makhleb.
 14767 | Volcano  | Noticed a two-headed ogre
 14767 | Volcano  | Noticed an ogre mage
 14767 | Volcano  | Noticed a two-headed ogre
 14767 | Volcano  | Noticed a two-headed ogre
 14771 | Volcano  | Killed an ogre mage
 14774 | Volcano  | Killed a two-headed ogre
 14788 | Volcano  | Killed a two-headed ogre
 14789 | Volcano  | Killed a two-headed ogre
 14790 | Volcano  | Reached skill level 10 in Dodging
 15043 | Volcano  | Noticed a hell knight
 15047 | Volcano  | Killed a hell knight
 15050 | Volcano  | Noticed a two-headed ogre
 15055 | Volcano  | Killed a two-headed ogre
 15402 | Lair:2   | Reached skill level 11 in Spellcasting
 15656 | Lair:2   | Reached XP level 13. HP: 97/103 MP: 0/0
 15656 | Lair:2   | Learned a level 5 spell: Agony
 15663 | Lair:2   | Reached skill level 1 in Evocations
 15893 | D:10     | Killed sigtrap's ghost
 16109 | Lair:2   | Reached skill level 5 in Short Blades
 16169 | Lair:2   | Found a staircase to the Shoals.
 16704 | Lair:3   | Found a staircase to the Snake Pit.
 17019 | Lair:3   | Reached skill level 5 in Evocations
 17432 | Lair:3   | Noticed Snorg
 17441 | Lair:3   | Killed Snorg
 18082 | Lair:3   | Reached **** piety under Ashenzari
 19019 | Lair:4   | Found a viscous altar of Jiyva.
 19019 | Lair:4   | Found a staircase to the Slime Pits.
 19142 | Lair:4   | Identified the +10 whip "Meulu Ydu" {spect, Dex+3}
 19558 | Lair:4   | Reached XP level 14. HP: 102/114 MP: 0/0
 20146 | D:11     | Reached skill level 12 in Spellcasting
 20762 | Lair:5   | Entered Level 5 of the Lair of Beasts
 21418 | Lair:5   | Reached skill level 13 in Spellcasting
 22975 | Lair:5   | Reached skill level 14 in Spellcasting
 23120 | Lair:5   | Reached skill level 1 in Armour
 23266 | Lair:5   | Reached XP level 15. HP: 84/120 MP: 0/0
 23266 | Lair:5   | Learned a level 6 spell: Conjure Ball Lightning
 23279 | Lair:5   | Killed by an exploding ball lightning

Illustrated notes

Levels and vault maps discovered:
D:1:      reono_arrival_forest_river, layout_basic,
          shapermc_ecumenical_altar_mp_vishouse
D:2:      layout_basic, basic_altar
D:3:      layout_basic, nicolae_dithmenos_the_darkroom, st_stairs_1, uniq_pargi
D:4:      nicolae_BIG_FREAKIN_CUBE, layout_loops_ring,
          mainiacjoe_overflow_boulevard, portal_sewer_entry_d,
          nicolae_alphabet_shops, nzn_random_ring
D:5:      layout_loops_corners, temple_doors_e, nicolae_shop_i_like_big_books
D:6:      layout_loops_corners, mainiacjoe_overflow_alcove_4,
          gammafunk_temple_overflow_statue, abandoned_shop, uniq_grinder
D:7:      layout_loops_ring, nemelex_diamond_rough_becter,
          minmay_misc_feat_diagonals
D:8:      layout_rooms, minitemple, lair_entry_dummy, grunt_decor_mini_mirrors,
          minmay_misc_feat_encased, dk_noncrumbling_4
D:9:      layout_loops_ring, tso_metal_star, nicolae_qazlal_eye_of_the_storm,
          minmay_misc_feat_nine_boxes, bh_circular_ruins, uniq_harold
D:10:     layout_long_grid, david_orc_1_choice, gammafunk_ghost_stat_death
D:11:     layout_rooms, nicolae_trove_entry_free_sample
Temple:   chequers_temple_sunken
Lair:1:   layout_chaotic_city, uniq_grum
Lair:2:   layout_loops_ring, minmay_shoals_entry_lonely_mermaid,
          lightli_volcano_entry_magma_tube, grunt_megastairs_3,
          infiniplex_staircase_pool
Lair:3:   layout_layer_cave, guppyfry_snake_entry_island, uniq_snorg
Lair:4:   layout_gridlike, slime_entry_1, grunt_forest_large_clearing_hut,
          serial_bayou_shore_a
Lair:5:   hellmonk_lair_end_abyssal_woods, layout_misc_corridors,
          serial_bayou_ford_a, ldierk_geyser

Skill      XL: |  1  2  3  4  5  6  7  8  9 10 11 12 13 14 |
---------------+-------------------------------------------+-----
Spellcasting   | 4 5 6 7 9 11 14 | 14.0
Fighting       | 2 3 4 6 7 8 9 |  9.9
Short Blades   | 2 3 5 |  5.4
Dodging        | 7 8 10 11 | 11.0
Stealth        | 6 |  6.5
Evocations     | 7 |  7.0
Armour         | 2 |  2.3

Action                     |  1- 3 |  4- 6 |  7- 9 | 10-12 | 13-15 || total
---------------------------+-------+-------+-------+-------+-------++-------
  Melee: Dagger            |     6 |     2 |    16 |       |       ||    24
         Punch             |       |       |     2 |     3 |     2 ||     7
         Short sword       |       |       |    17 |    96 |    53 ||   166
   Cast: Magic Dart        |    43 |    37 |    22 |    45 |    17 ||   164
         Foxfire           |    21 |     9 |   151 |    93 |    99 ||   373
         Searing Ray       |     2 |     9 |     5 |     4 |     8 ||    28
         Poisonous Vapours |       |     8 |    29 |    52 |    43 ||   132
         Dazzling Flash    |       |     2 |     1 |       |     4 ||     7
         Iskenderun's Myst |       |     1 |    11 |    63 |   125 ||   200
         Tukima's Dance    |       |       |    13 |    30 |     3 ||    46
         Fulminant Prism   |       |       |     5 |     7 |     7 ||    19
         Swiftness         |       |       |     3 |     4 |     5 ||    12
         Dispel Undead     |       |       |       |     1 |     3 ||     4
         Agony             |       |       |       |       |    27 ||    27
         Conjure Ball Ligh |       |       |       |       |     2 ||     2
 Invoke: Curse Item        |       |       |     3 |     3 |     1 ||     7
         Shatter the Chain |       |       |     1 |       |       ||     1
    Use: Potion            |       |       |     1 |       |     2 ||     3
         Scroll            |       |       |     1 |       |       ||     1
   Stab: Sleeping          |       |       |       |     4 |     3 ||     7
         Invisible         |       |       |       |       |     1 ||     1
 Armour: Robe              |     2 |     4 |    15 |    19 |    23 ||    63
         Acid dragon scale |       |       |       |     7 |       ||     7
  Dodge: Dodged            |     9 |    21 |    69 |   172 |   238 ||   509

Table legend: (Time is in decaauts)
 A = Elapsed time spent in this place.
 B = Non-inter-level travel time spent in this place.
 C = Inter-level travel time spent in this place.
 D = Time resting spent in this place.
 E = Time spent auto-exploring this place.
 F = Levels seen in this place.
 G = Mean time per level.
                   A        B        C        D        E       F      G
               +--------+--------+--------+--------+--------+-----+--------+
         Total |  23300 |  21114 |   2186 |    370 |  17702 |  19 | 1226.3 |
       Dungeon |  13537 |  11807 |   1730 |    304 |   9738 |  11 | 1230.6 |
        Temple |    192 |    177 |     15 |      0 |    171 |   1 |  192.0 |
          Lair |   8360 |   7919 |    441 |     63 |   6828 |   5 | 1672.0 |
         Sewer |    391 |    391 |      0 |      0 |    318 |   1 |  391.0 |
       Volcano |    818 |    818 |      0 |      3 |    647 |   1 |  818.0 |
               +--------+--------+--------+--------+--------+-----+--------+

Top non-repeatable levels by time:
  Lair:4: 2013 daAuts
  Lair:3: 2007 daAuts
    D:10: 1982 daAuts
     D:9: 1734 daAuts
     D:5: 1614 daAuts
     D:4: 1584 daAuts
  Lair:5: 1522 daAuts
  Lair:1: 1475 daAuts
  Lair:2: 1341 daAuts
     D:8: 1306 daAuts
     D:6: 1265 daAuts
     D:7: 1226 daAuts
     D:1: 1009 daAuts
     D:2: 861 daAuts
 Volcano: 818 daAuts
